 Dungeon Crawl Stone Soup version 0.24-a0-586-g8e0e932 (webtiles) character file.

Game seed: 17221504140487268384, levelgen mode: deterministic

10 Gashadokuro the Cudgeler (level 2, 0/14 HPs)
             Began as a Spriggan Wanderer on Sept 7, 2019.
             Was an Initiate of Nemelex Xobeh.
             Slain by a goblin
             ... wielding a cursed -3 club
              (4 damage)
             ... on level 2 of the Dungeon.
             The game lasted 00:01:36 (219 turns).

Gashadokuro the Cudgeler (Spriggan Wanderer)         Turns: 219, Time: 00:01:38

Health: 0/14       AC:  2    Str:  8    XL:     2   Next: 10%
Magic:  3/3        EV: 16    Int: 13    God:    Nemelex Xobeh [......]
Gold:   38         SH:  0    Dex: 15    Spells: 1/1 levels left

rFire    . . .     SeeInvis +   a - +2 mace
rCold    . . .     Gourm    .   (shield restricted)
rNeg     . . .     Faith    .   b - +0 robe
rPois    .         Spirit   .   (helmet restricted)
rElec    .         Reflect  .   (no cloak)
rCorr    .         Harm     .   (gloves unavailable)
MR       .....                  (boots unavailable)
Stlth    +.........             (no amulet)
HPRegen  0.04/turn              (no ring)
MPRegen  0.08/turn              (no ring)

@: very quick
A: very small, unfitting armour, see invisible, herbivore, speed 3, slow
metabolism 2
a: Draw Escape, Draw Destruction, Draw Summoning, Renounce Religion


You were on level 2 of the Dungeon.
You worshipped Nemelex Xobeh.
Nemelex Xobeh was noncommittal.
You were not hungry.

You visited 1 branch of the dungeon, and saw 2 of its levels.

You collected 38 gold pieces.

Inventory:

Hand Weapons
 a - a +2 mace (weapon)
 f - a +0 club
Armour
 b - a +0 robe (worn)
 h - a +0 ring mail
 j - a +0 pair of gloves
Scrolls
 g - a scroll of identify {unknown}
Potions
 c - a potion of lignification
 e - a potion of haste {unknown}
 i - a potion of invisibility {unknown}
Comestibles
 d - 3 rations


   Skills:
 + Level 1.0 Fighting
 + Level 4.8 Maces & Flails
 + Level 2.0 Throwing
 + Level 1.5 Dodging


You had one spell level left.
You didn't know any spells.
Your spell library contained the following spells:

 Spells                   Type           Power        Failure   Level  Hunger
 Animate Skeleton         Necr           N/A          30%         1    ##.....
 Apportation              Tloc           #.....       30%         1    ##.....
 Confusing Touch          Hex            #.....       30%         1    ##.....
 Summon Small Mammal      Summ           #...         30%         1    ##.....


Dungeon Overview and Level Annotations

Branches:
Dungeon (2/15)

Altars:
Nemelex Xobeh


Innate Abilities, Weirdness & Mutations

You are very small and have problems with some larger weapons.
You are too small for most types of armour.
You have supernaturally acute eyesight. (SInv)
You are a herbivore.
You cover ground extremely quickly.
You need to consume almost no food.


Message History

The jackal closely misses you. x2; The jackal barely misses you.
The jackal barely misses you. The jackal bites you. The jackal misses you.
The jackal stops to sniff the ground.
The jackal misses you. x2
You see here a book of Cantrips.
You pick up a book of Cantrips and begin reading...
You add the spells Confusing Touch, Animate Skeleton, Summon Small Mammal and Apportation to your library.
The jackal completely misses you. The jackal barely misses you.
The goblin hits you but does no damage.
You closely miss the jackal. The jackal closely misses you. x2
The jackal completely misses you. The goblin barely misses you.
The jackal bites you but does no damage.
You hit the jackal.
The jackal is heavily wounded.
The jackal closely misses you. The jackal bites you.
* * * LOW HITPOINT WARNING * * *
The goblin hits you with a cursed -3 club.
You die...
Your body disappears without a glow.

# #.
#.##########
...........
#.....$#
#......#####
#.<..#.#hh@#
#....._..hg#
##.###.#.......#
#.##..........#
#.##..........#
#.######......#
... #........
### #.........
....#.....


You could see 3 jackals and a goblin.

Vanquished Creatures
  A leopard gecko (D:1)
  A bat (D:2)
  A giant cockroach (D:1)
  A jackal (D:2)
  2 kobolds (D:1)
  2 rats (D:1)
8 creatures vanquished.

Notes
Turn   | Place    | Note
-------+----------+-------------------------------------------
     0 | D:1      | Gashadokuro the Spriggan Wanderer began the quest for the
                  | Orb.
     0 | D:1      | Gashadokuro set off with the following items: a +2 mace, a
                  | +0 robe, a potion of lignification, a ration
     0 | D:1      | Reached XP level 1. HP: 10/10 MP: 2/2
   202 | D:2      | Found a sparkling altar of Nemelex Xobeh.
   204 | D:2      | Reached XP level 2. HP: 10/14 MP: 3/3
   209 | D:2      | Became a worshipper of Nemelex Xobeh the Trickster
   219 | D:2      | Slain by a goblin

Levels and vault maps discovered:
D:1:      saegor_arrival_simple_b, layout_loops_ring, dk_noncrumbling_3
D:2:      cheibrodos_greedy_goblins, layout_basic,
          lemuel_coloured_pillars_altar, lemuel_crystal_altar, minivault_25

Action                   || total
-------------------------++-------
Melee: Mace              ||    22
 Stab: Sleeping          ||     1
Armor: Robe              ||     4
Dodge: Dodged            ||    33

Table legend:
 A = Non-vault XP
 B = Vault XP
 C = Vault XP percentage of total XP
 D = Non-vault monster count
 E = Vault monster count
 F = Vault count percentage of total count
                 A         B        C        D         E       F
            +---------+---------+-------+---------+---------+-------
      Total |      15 |       0 |   0.0 |       8 |       0 |   0.0
            +---------+---------+-------+---------+---------+-------
        D:1 |      11 |       0 |   0.0 |       6 |       0 |   0.0
        D:2 |       4 |       0 |   0.0 |       2 |       0 |   0.0
            +---------+---------+-------+---------+---------+-------
